 Dungeon Crawl Stone Soup version 0.27-a0-1232-gc6a4cbde82 (webtiles) character file.

Game seed: 3119017868129881442

121 ZappyNine the Distorting Demonspawn (level 4, -1/36 HPs)
             Began as a Demonspawn Abyssal Knight on June 8, 2021.
             Was a Believer of Lugonu.
             Slain by Natasha (4 damage)
             ... on level 3 of the Dungeon.
             The game lasted 00:03:06 (3113 turns).

ZappyNine the Distorting Demonspawn (DsAK)          Turns: 3113, Time: 00:03:07

Health: -1/36      AC:  8    Str: 14    XL:     4   Next: 77%
Magic:  6/6        EV:  9    Int: 13    God:    Lugonu [**....]
Gold:   165        SH:  3    Dex: 12    Spells: 3/3 levels left

rFire    . . .     SeeInvis .   m - +1 dagger (protect)
rCold    . . .     Faith    .   i - +0 buckler
rNeg     . . .     Spirit   .   d - +0 scale mail
rPois    .         Reflect  .   (helmet restricted)
rElec    .         Harm     .   (no cloak)
rCorr    .         Rampage  .   (no gloves)
Will     .....                  (no boots)
Stlth    ..........             (no amulet)
HPRegen  0.12/turn              (no ring)
MPRegen  0.10/turn              (no ring)

@: slowed, very slow
A: antennae 1, thin metallic scales 1, powered by death 1
a: Renounce Religion, Depart the Abyss, Bend Space


You were on level 3 of the Dungeon.
You worshipped Lugonu.
Lugonu was pleased with you.
You visited 1 branch of the dungeon, and saw 3 of its levels.
You visited the Abyss 1 time.

You collected 165 gold pieces.

Inventory:

Hand Weapons
 m - a +1 dagger of protection (weapon)
Armour
 b - a +0 leather armour
 c - a +0 helmet
 d - a +0 scale mail (worn)
 i - a +0 buckler (worn)
Scrolls
 g - a scroll of vulnerability {unknown}
 h - a scroll of identify {unknown}
 k - a scroll of enchant armour {unknown}
Potions
 e - 2 potions of heal wounds {unknown}
 f - a potion of curing {unknown}
 j - a potion of attraction {unknown}
 l - a potion of magic {unknown}


   Skills:
 - Level 3.6 Fighting
 - Level 1.8 Short Blades
 - Level 2.5 Armour
 - Level 1.9 Dodging
 + Level 1.3 Shields
 - Level 3.8 Invocations


You had 3 spell levels left.
You didn't know any spells.
Your spell library was empty.

Dungeon Overview and Level Annotations

Branches:
Dungeon (3/15)

Altars:

Annotations:
D:3 Natasha


Innate Abilities, Weirdness & Mutations

You have a pair of small antennae on your head.
You are partially covered in thin metallic scales. (AC +2)
You regenerate a little health from kills.


Message History

The iron imp disappears for a moment.
The iron imp hits you. Natasha casts a spell at you.
The magic dart hits you but does no damage.
The hobgoblin hits you but does no damage.
You closely miss Natasha.
Natasha is almost dead.
Natasha zaps a wand.
The puff of flame hits you. The iron imp closely misses you.
The hobgoblin misses you.
You closely miss Natasha.
Natasha is almost dead.
Natasha casts a spell.
You block the hobgoblin's attack. The iron imp hits you!
Natasha stares at you and mumbles some strange words.
The magic dart hits you!
* * * LOW HITPOINT WARNING * * *
You closely miss Natasha.
Natasha is almost dead.
The hobgoblin closely misses you. The iron imp hits you.
* * * LOW HITPOINT WARNING * * *
Natasha closely misses you. You block the hobgoblin's attack.
The iron imp misses you.
Unknown command.
Unknown command.
Unknown command.
You closely miss Natasha.
Natasha is almost dead.
The crimson imp hits you.
* * * LOW HITPOINT WARNING * * *
Natasha mumbles some strange words.
The hobgoblin completely misses you.
The iron imp hits you but does no damage.
The crimson imp hits you but does no damage.
Natasha claws you but does no damage.
Unknown command.
You barely miss Natasha.
Natasha is almost dead.
The iron imp disappears in a puff of smoke!
The hobgoblin barely misses you. The crimson imp misses you. Natasha claws you.
You die...

# # # # # ############ #
#..........#
########...)...55.#
.#..............@h#
...########.#####gK....#
.### #.# J(..... .# #.#
....).. .# #.# .......
.# ... ....... )#### .##
....... ....##. .
....... #.#........


You could see Natasha, a crimson imp (summoned), a white imp (summoned), an
endoplasm, a hobgoblin and a kobold.

Vanquished Creatures
  Robin (D:2)
  3 adders
  2 worms (D:2)
  4 dart slugs
  3 endoplasms
  2 giant cockroaches (D:2)
  11 goblins (D:2)
  10 hobgoblins
  6 jackals
  A quokka (D:2)
  7 ball pythons
  5 frilled lizards
  7 kobolds
  3 rats
65 creatures vanquished.

Notes
Turn   | Place    | Note
-------+----------+-------------------------------------------
     0 | Abyss:1  | ZappyNine the Demonspawn Abyssal Knight began the quest for
                  | the Orb.
     0 | Abyss:1  | Reached XP level 1. HP: 18/18 MP: 2/2
    43 | Abyss:1  | Noticed a worldbinder
    44 | D:1      | Escaped the Abyss
    81 | D:1      | Reached skill level 1 in Dodging
   507 | D:1      | Reached * piety under Lugonu
   508 | D:1      | Gained mutation: You are partially covered in thin metallic
                  | scales. (AC +2) [demonic ancestry]
   508 | D:1      | Reached XP level 2. HP: 16/24 MP: 4/4
  1543 | D:2      | Gained mutation: You regenerate a little health from kills.
                  | [demonic ancestry]
  1543 | D:2      | Reached XP level 3. HP: 18/29 MP: 5/5
  1934 | D:2      | Noticed Robin
  1968 | D:2      | Killed Robin
  1991 | D:2      | Gained mutation: You have a pair of small antennae on your
                  | head. [demonic ancestry]
  1991 | D:2      | Reached XP level 4. HP: 27/35 MP: 6/6
  2353 | D:2      | Reached ** piety under Lugonu
  3013 | D:3      | Reached skill level 1 in Shields
  3084 | D:3      | Noticed Natasha
  3113 | D:3      | Slain by Natasha

Illustrated notes

Levels and vault maps discovered:
D:1:      grunt_arrival_lava_bath, layout_loops_corners
D:2:      cheibrodos_helix_gallery, layout_basic, serial_park_tiny_2, uniq_robin
D:3:      layout_rooms, uniq_natasha

Skill      XL: |  1  2  3  4 |
---------------+-------------+-----
Dodging        | 1 |  1.9
Armour         | 2 |  2.5
Invocations    | 3 |  3.8
Shields        | 1 |  1.3
Fighting       | |  3.6
Short Blades   | |  1.8

Action                   |  1- 3 |  4- 6 || total
-------------------------+-------+-------++-------
Melee: Short sword       |   150 |    95 ||   245
       Dagger            |       |    34 ||    34
Invok: Depart the Abyss  |     1 |       ||     1
Armor: Leather armour    |    23 |       ||    23
       Scale mail        |    44 |    84 ||   128
Dodge: Dodged            |   103 |    69 ||   172
Block: Buckler           |       |    12 ||    12

Table legend: (Time is in decaauts)
 A = Elapsed time spent in this place.
 B = Non-inter-level travel time spent in this place.
 C = Inter-level travel time spent in this place.
 D = Time resting spent in this place.
 E = Time spent auto-exploring this place.
 F = Levels seen in this place.
 G = Mean time per level.
                   A        B        C        D        E       F      G
               +--------+--------+--------+--------+--------+-----+--------+
         Total |   3122 |   3033 |     89 |    541 |   1961 |   4 |  780.5 |
       Dungeon |   3078 |   2989 |     89 |    541 |   1928 |   3 | 1026.0 |
         Abyss |     44 |     44 |      0 |      0 |     33 |   1 |   44.0 |
               +--------+--------+--------+--------+--------+-----+--------+

Top non-repeatable levels by time:
     D:1: 1714 daAuts
     D:2: 1050 daAuts
     D:3: 313 daAuts
 Abyss:1: 44 daAuts
